 Dungeon Crawl Stone Soup version 0.28-a0-1233-g92def6ad0a (webtiles) character file.

Game seed: 10682142375184636940

598 HessuHobo the Skirmisher (level 7, -4/44 HPs)
             Began as a Gargoyle Fighter on Dec 23, 2021.
             Was a Believer of Makhleb.
             Killed from afar by a steam dragon (6 damage)
             ... with a ball of steam
             ... on level 7 of the Dungeon.
             The game lasted 00:10:35 (3873 turns).

HessuHobo the Skirmisher (Gargoyle Fighter)         Turns: 3873, Time: 00:10:36

Health: -4/44      AC: 14    Str: 22    XL:     7   Next: 40%
Magic:  7/7        EV:  8    Int:  8    God:    Makhleb [**....]
Gold:   116        SH:  9    Dex:  9    Spells: 6/6 levels left

rFire   . . .      SeeInvis .   a - +0 long sword
rCold   . . .      Faith    .   c - +0 buckler
rNeg    + . .      Spirit   .   g - +0 chain mail
rPois   ∞          Reflect  +   (no helmet)
rElec   +          Harm     .   (no cloak)
rCorr   .          Rampage  .   (no gloves)
Will    .....                   (no boots)
Stlth   ..........              k - amulet of reflection
HPRegen 0.14/turn               (no ring)
MPRegen 0.10/turn               (no ring)

@: on berserk cooldown, slowed, very slow
A: sickness immunity, AC +4, negative energy resistance 1, electricity
resistance, torment resistance 1, petrification resistance
a: Renounce Religion, Minor Destruction


You were on level 7 of the Dungeon.
You worshipped Makhleb.
Makhleb was pleased with you.
You visited 1 branch of the dungeon, and saw 5 of its levels.

You collected 116 gold pieces.

Inventory:

Hand Weapons
 a - a +0 long sword (weapon)
 j - a +0 short sword of venom
Missiles
 f - 92 stones (quivered)
 n - 6 silver boomerangs
Armour
 b - a +0 scale mail
 c - a +0 buckler (worn)
 g - a +0 chain mail (worn)
Jewellery
 k - an amulet of reflection (around neck)
Scrolls
 d - a scroll of immolation {unknown}
 l - a scroll of brand weapon
 o - a scroll of vulnerability {unknown}
 q - 2 scrolls of teleportation {unknown}
Potions
 e - 3 potions of haste
 i - 2 potions of brilliance
 m - a potion of might
 r - a potion of lignification {unknown}


   Skills:
 + Level 5.1 Fighting
 * Level 4.8 Long Blades
 + Level 5.0 Armour
 + Level 2.3 Stealth
 - Level 4.0 Shields


You had 6 spell levels left.
You didn't know any spells.
Your spell library was empty.

Dungeon Overview and Level Annotations

Branches:
Dungeon (4/15)
 Temple: D:4-7

Altars:
Makhleb
Nemelex Xobeh


Innate Abilities, Weirdness & Mutations

You are immune to sickness and miasma.
Your stone body is resilient. (AC +4)
You are immune to poison.
You resist negative energy. (rN+)
You are resistant to electric shocks. (rElec)
You are resistant to unholy torment.
You are immune to petrification.


Message History

Deactivating autopickup; reactivate with Ctrl-A.
A necrophage comes into view.
You feel a strong urge to attack something.
You are engulfed in a cloud of scalding steam.
The necrophage moves out of view.
You hit the orc wizard.
The orc wizard is lightly wounded.
The wyvern skeleton bites you. You block the orc wizard's attack.
You miss the orc wizard.
The orc wizard is lightly wounded.
You block the wyvern skeleton's attack.
You slash the orc wizard!
The orc wizard is heavily wounded.
The orc wizard casts a spell.
The orc wizard flickers and vanishes!
You block the wyvern skeleton's attack. Something hits you but does no damage.
The wyvern skeleton bites you. The steam dragon breathes steam at you.
The ball of steam hits you!
* * * LOW HITPOINT WARNING * * *
You hit the wyvern skeleton.
The wyvern skeleton is lightly damaged.
You are engulfed in a cloud of scalding steam.
You block the wyvern skeleton's attack. Something hits you but does no damage.
Cornered, the jelly turns to fight!
You feel a strong urge to attack something.
Reactivating autopickup.
You feel a bit more experienced.
You hit the wyvern skeleton.
The wyvern skeleton is moderately damaged.
The wyvern skeleton bites you.
* * * LOW HITPOINT WARNING * * *
You block the wyvern skeleton's attack.
You slash the wyvern skeleton!
The wyvern skeleton is severely damaged.
You are no longer berserk.
You are exhausted.
You feel yourself slow down. The steam dragon breathes steam at you.
The ball of steam hits you.
You die...

...≈≈≈ #.>..).. ...≈≈
#.....#. #..≈ #.....#.
#.. #....... ##.#
#.......
#..########....o..
#...§J.{#......###
#.......#.....####
#@......#...## #..
#§Z.....#...####..
##D.....#....o....
##.)....)(.....##.
#§.............###
..n..............>....##
##..##................##
# ################.##
#.#.


You could see a steam dragon (catching breath), a jelly and a wyvern skeleton.

Vanquished Creatures
  Sigmund (D:2)
  A centaur (D:7)
  A necrophage (D:3)
  An orc priest (D:7)
  A jelly (D:4)
  A hound (D:7)
  An iguana (D:4)
  A hound skeleton (D:4)
  4 gnolls
  5 adders
  2 worms
  3 dart slugs
  An orc (D:3)
  10 endoplasms
  2 giant cockroaches
  3 goblins
  3 hobgoblins
  A ball python (D:3)
  2 bats
  3 frilled lizards
  4 kobolds
  5 rats
56 creatures vanquished.

Vanquished Creatures (others)
  An orc wizard (D:7)
  An orc (D:7)
2 creatures vanquished.

Grand Total: 58 creatures vanquished

Notes
Turn   | Place    | Note
-------+----------+-------------------------------------------
     0 | D:1      | HessuHobo the Gargoyle Fighter began the quest for the Orb.
     0 | D:1      | Reached XP level 1. HP: 14/14 MP: 1/1
   602 | D:1      | Reached XP level 2. HP: 9/19 MP: 2/2
  1192 | D:1      | Found a faded altar of an unknown god.
  1198 | D:1      | Prayed at the altar of an unknown god.
  1198 | D:1      | Became a worshipper of Makhleb the Destroyer
  1198 | D:1      | Reached * piety under Makhleb
  1739 | D:2      | Noticed Sigmund
  1753 | D:2      | Killed Sigmund
  1754 | D:2      | Reached XP level 3. HP: 3/24 MP: 3/3
  1754 | D:2      | Reached XP level 4. HP: 4/29 MP: 4/4
  1754 | D:2      | Reached XP level 5. HP: 4/33 MP: 5/5
  2508 | D:3      | Reached XP level 6. HP: 39/39 MP: 6/6
  2563 | D:3      | Found a sparkling altar of Nemelex Xobeh.
  2652 | D:3      | Reached ** piety under Makhleb
  2971 | D:3      | Noticed a necrophage
  2989 | D:3      | Killed a necrophage
  2990 | D:3      | Reached skill level 1 in Stealth
  3548 | D:4      | Reached XP level 7. HP: 44/44 MP: 7/7
  3641 | D:4      | You fall into a shaft and drop 3 floors!
  3669 | D:7      | Reached skill level 5 in Fighting
  3669 | D:7      | Reached skill level 5 in Armour
  3861 | D:7      | Noticed a steam dragon
  3872 | D:7      | HP: 3/66 [wyvern skeleton (4)]
  3873 | D:7      | Killed from afar by a steam dragon

Illustrated notes

Levels and vault maps discovered:
D:1:      dpeg_arrival_short_road, layout_loops_ring,
          chequers_ecumenical_altar_lobes, minmay_split_cup_small
D:2:      layout_rooms, amcnicky_mini_pool_small, minmay_misc_feat_chi,
          uniq_sigmund
D:3:      layout_basic, nemelex_xobeh_ov_fountains_minmay
D:4:      cheibrodos_quashed, layout_loops_ring, dancing_weapons_uskayaw,
          serial_shops, nicolae_shop_trees
D:7:      layout_cave_pools, mainiacjoe_overflow_brackets,
          nicolae_ru_path_of_blood, serial_shops, nicolae_shop_waterfront,
          nicolae_shop_crystal, nicolae_lakefront_shop, uniq_crazy_yiuf_cottage

Skill      XL: |  1  2  3  4  5  6  7 |
---------------+----------------------+-----
Long Blades    | 2 3 4 |  4.8
Fighting       | 4 5 |  5.1
Armour         | 4 5 |  5.0
Shields        | 4 |  4.0
Stealth        | 1 2 |  2.3

Action                   |  1- 3 |  4- 6 |  7- 9 || total
-------------------------+-------+-------+-------++-------
Melee: Long sword        |    57 |   122 |    22 ||   201
Throw: Stone             |     7 |       |       ||     7
Invok: Minor Destruction |       |     4 |       ||     4
  Use: Scroll            |     3 |     2 |     1 ||     6
       Potion            |     1 |       |     1 ||     2
Armor: Scale mail        |     3 |       |       ||     3
       Chain mail        |     9 |    46 |    18 ||    73
Dodge: Dodged            |    17 |    35 |     7 ||    59
Block: Buckler           |    16 |    57 |    16 ||    89
       Reflection        |       |     3 |     2 ||     5

Table legend: (Time is in decaauts)
 A = Elapsed time spent in this place.
 B = Non-inter-level travel time spent in this place.
 C = Inter-level travel time spent in this place.
 D = Time resting spent in this place.
 E = Time spent auto-exploring this place.
 F = Levels seen in this place.
 G = Mean time per level.
                   A        B        C        D        E       F      G
               +--------+--------+--------+--------+--------+-----+--------+
         Total |   3916 |   3805 |    111 |   1462 |   1661 |   5 |  783.2 |
       Dungeon |   3916 |   3805 |    111 |   1462 |   1661 |   5 |  783.2 |
               +--------+--------+--------+--------+--------+-----+--------+

Top non-repeatable levels by time:
     D:1: 1341 daAuts
     D:3: 1078 daAuts
     D:2: 981 daAuts
     D:4: 283 daAuts
     D:7: 232 daAuts
